Pandemic wets his pants after bad final push

Match 27286904
End
Pioneer Squad
Construct Infanterie Kompanie
Selects Breakthrough Battlegroup
Selects Assault Grenadiers
Grenadier Squad
Grenadier Squad
Sniper
Medical Station
Construct Panzergrenadier Kompanie
Pak 40 Anti-tank Gun Team
Panzergrenadier Squad
MG 42 Machine Gun Team
Pak 40 Anti-tank Gun Team
Construct Panzer Kompanie
Pak 40 Anti-tank Gun Team
Selects Rapid Production
Selects Blitzkrieg
Panzer IV Medium Tank
Side Skirts
Panzer IV Medium Tank
Blitzkrieg
Pioneer Squad
Panzer IV Medium Tank
Kettenkrad Recon Vehicle
Selects Tiger Heavy Tank
Tiger Heavy Tank
Blitzkrieg
Selects Smoke Bombing Run
Selects Incendiary Bombing Run
Pandemic
FutureNP
0
0

Comments sign in to comment!

IIGaryII 8 months ago

"Trash talking" by Pandemic, before giving up. This type of player often lacks composure... And also lacks in minds game and knowledges of tactics and strategy. Too bad for Pandemic, because he had the game in his hands, despite a combined army management not always good. After 20 minutes, the victory chose the best strategist. FutureNP, poor on the map control, made the "good call" => More Infantries units to occupy the field. At the same time, Pandemic, too confident and impatient, neglected his opponent by trying unprepared and suicidal tactical moves. In doing that, he lost a key element in strategy on CoH (and also in real life), without remaking them: its front-line infantries. So, with no unit to occupy the ground, take the information, capture the ground, Pandemic got immediately surrounded. All its support units (MG, Sniper, Tank, ATGun) were isolated and quickly destroyed. The strength of Pandemic, in WM, is its prudence in "early game", and ... the fact that we necessarily have front line units (because you can only build this). Too aggressive players (the most common weakness) can quickly lose against him and hide Pandemic's weaknesses. But above a certain level, it is no longer enough.